 Dungeon Crawl Stone Soup version bcrawl-1.21.3 (webtiles) character file.

Game seed: 11250767409473988013

670 Flugslaktarn the Chopper (level 7, -2/44 HPs)
             Began as a Skeleton Archaeologist on Mar 30, 2020.
             Slain by a water moccasin (4 damage)
             ... on level 5 of the Dungeon.
             The game lasted 00:02:24 (4816 turns).

Flugslaktarn the Chopper (Skeleton Archaeologist)   Turns: 4816, Time: 00:02:25

Health: -2/44      AC: 12    Str: 18 (19) XL:     7   Next: 32%
Magic:  0/7        EV:  8    Int: 13      God:
Gold:   1738       SH:  0    Dex:  5 (7)  Spells: 6/6 levels left

rFire    . . .     SeeInvis .   p - +1 whip (venom)
rCold    + . .     Gourm    .   (no shield)
rNeg     + + +     Faith    .   j - +0 chain mail
rPois    ∞         Spirit   +   c - +1 hat
rElec    .         Reflect  .   (no cloak)
rCorr    .         Harm     .   (no gloves)
MR       +....                  d - +1 pair of boots
Stlth    ..........             (no amulet)
HPRegen  0.14/turn              (no ring)
MPRegen  0.10/turn              (no ring)

@: no status effects
A: no food or potions, cold resistance 1, deterioration 1, negative energy
resistance 3, powered by death 1, torment resistance, unbreathing, magic shield,
sturdy frame 1, spell healing
a: no special abilities


You were on level 5 of the Dungeon.
You were not hungry.

You visited 1 branch of the dungeon, and saw 5 of its levels.

You collected 1738 gold pieces.

Inventory:

Hand Weapons
 k - a +0 hand axe
   (You found it on level 1 of the Dungeon)
 p - a +1 whip of venom (weapon)
   (You took it off an orc on level 3 of the Dungeon)
Armour
 b - a +1 robe
 c - a +1 hat (worn)
 d - a +1 pair of boots (worn)
 j - a +0 chain mail (worn)
   (You found it on level 1 of the Dungeon)
Jewellery
 n - an uncursed ring of fire {unknown}
   (You found it on level 3 of the Dungeon)
Wands
 v - a wand of digging (7)
   (You found it on level 4 of the Dungeon)
Scrolls
 e - 3 scrolls of magic mapping
 f - a scroll of fog {unknown}
 g - 2 scrolls of amnesia {unknown}
 h - a scroll of remove curse {unknown}
 i - 2 scrolls of enchant armour {unknown}
 l - a scroll of noise {unknown}
 m - 2 scrolls of teleportation {unknown}
 o - 3 scrolls of identify {unknown}
Miscellaneous
 a - a phial of floods
   (You found it on level 3 of the Dungeon)


   Skills:
 + Level 4.6 Fighting
 * Level 6.2(6.3) Axes
 - Level 1.2(4.1) Maces & Flails
 + Level 3.8 Armour
 - Level 3.0 Dodging
 - Level 3.6 Stealth


You had 6 spell levels left.
You didn't know any spells.
Your spell library was empty.

Dungeon Overview and Level Annotations

Branches:
Dungeon (5/12)
 Temple: D:4-7

Altars:
Dithmenos
Okawaru
Wu Jian


Innate Abilities, Weirdness & Mutations

You do not eat or drink.
You are immune to poison.
Your flesh is cold resistant. (rC+)
Your body sometimes deteriorates upon taking damage.
You are immune to negative energy. (rN+++)
You regenerate a little health from kills.
You are immune to unholy pain and torment.
You can survive without breathing.
When hurt, damage is shared between your health and your magic reserves.
Your movements are slightly less encumbered by armour. (ER -2)
Casting spells heals you.


Message History

Unknown command.
Okay, then.
The sky beast flickers out of sight!
Deactivating autopickup; reactivate with Ctrl-A.
The water moccasin bites you but does no damage.
Unknown command.
The crimson imp blinks!
Unknown command.
You barely miss the water moccasin.
The water moccasin is almost dead.
The water moccasin bites you.
* * * LOW HITPOINT WARNING * * *
You miss the water moccasin.
The water moccasin is almost dead.
The water moccasin bites you.
* * * LOW HITPOINT WARNING * * *
A sky beast appears from thin air!
Reactivating autopickup.
The water moccasin bites you.
You die...

.......#...... #.# ..#....
............. #.##.......
........##.######...Y>.....
.......[......†..§≈..5.....
.........#.######.##.###...
..........[)..(.#.# .# .
.......#.#.####.#Y# .#
########.#.####.#S##.#
#.#.))).†@..#.#
#.#####.#####.# ... #.# #.#
#.# #.# #.# #.# #.# ..#


You could see a water moccasin and a sky beast.

Vanquished Creatures
  A sky beast (D:5)
  A phantom (D:4)
  A bullfrog zombie (D:5)
  A hound (D:4)
  3 orc wizards
  A bullfrog skeleton (D:5)
  An orc priest (D:5)
  A centaur skeleton (D:4)
  3 worker ants (D:4)
  A hound skeleton (D:4)
  5 adders
  2 gnolls (D:2)
  An ooze (D:3)
  3 worms
  5 dart slugs
  2 leopard geckos
  15 orcs
  3 giant cockroaches
  3 goblins
  9 hobgoblins
  8 jackals
  7 kobolds
  A quokka (D:2)
  6 bats
  3 frilled lizards
  2 rats
89 creatures vanquished.

Notes
Turn   | Place    | Note
-------+----------+-------------------------------------------
     0 | D:1      | Flugslaktarn the Skeleton Archaeologist began the quest for
                  | the Orb.
     0 | D:1      | Reached XP level 1. HP: 12/12 MP: 1/1
   426 | D:1      | Reached XP level 2. HP: 8/17 MP: 2/2
  1104 | D:2      | Found a shadowy altar of Dithmenos.
  1278 | D:2      | Reached XP level 3. HP: 22/22 MP: 3/3
  1468 | D:2      | Reached skill level 1 in Axes
  1529 | D:2      | Found an iron altar of Okawaru.
  1570 | D:2      | Reached skill level 1 in Armour
  1862 | D:2      | Reached skill level 2 in Axes
  1862 | D:2      | Reached XP level 4. HP: 28/28 MP: 4/4
  1916 | D:2      | Found a faded altar of an unknown god.
  2620 | D:3      | Reached skill level 3 in Axes
  2634 | D:3      | Found an ornate altar of the Wu Jian Council.
  3003 | D:4      | Noticed a phantom
  3012 | D:4      | Reached XP level 5. HP: 31/32 MP: 3/5
  3012 | D:4      | Identified a scroll of acquirement
  3256 | D:4      | Killed a phantom
  3256 | D:4      | Reached skill level 4 in Axes
  3256 | D:4      | Gained mutation: You regenerate a little health from kills.
                  | [Skeleton growth]
  3256 | D:4      | Reached XP level 6. HP: 21/38 MP: 6/6
  4038 | D:4      | Reached skill level 5 in Axes
  4313 | D:5      | Entered Level 5 of the Dungeon
  4330 | D:5      | Noticed a sky beast
  4359 | D:5      | Killed a sky beast
  4359 | D:5      | Reached XP level 7. HP: 23/44 MP: 4/7
  4587 | D:5      | Reached skill level 6 in Axes
  4816 | D:5      | HP: 2/44 [water moccasin (3)]
  4816 | D:5      | Slain by a water moccasin

Skill      XL: |  1  2  3  4  5  6  7 |
---------------+----------------------+-----
Fighting       | 2 3 4 |  4.6
Axes           | 2 3 4 5 6 |  6.2
Armour         | 1 2 3 |  3.8
Maces & Flails | |  1.2
Dodging        | |  3.0
Stealth        | |  3.6

Action                   |  1- 3 |  4- 6 |  7- 9 || total
-------------------------+-------+-------+-------++-------
Melee: Whip              |   210 |   279 |   123 ||   612
  Use: Scroll            |       |     1 |       ||     1
 Stab: Sleeping          |     2 |       |       ||     2
Armor: Chain mail        |   134 |   138 |    73 ||   345
       Robe              |    17 |       |       ||    17
Dodge: Dodged            |   148 |    99 |    54 ||   301
